 Dungeon Crawl Stone Soup version 0.28-a0-410-gbef64dd269 (webtiles) character file.

Game seed: 1441964418292285764

3460 dolemite99 the Geomancer (level 9, -18/102 HPs)
             Began as a Deep Dwarf Earth Elementalist on Sept 6, 2021.
             Was a Believer of Elyvilon.
             Demolished by an orc knight (19 damage)
             ... on level 9 of the Dungeon.
             The game lasted 00:13:52 (10012 turns).

dolemite99 the Geomancer (DDEE)                    Turns: 10012, Time: 00:13:53

Health: -18/102    AC: 24    Str: 11    XL:     9   Next: 78%
Magic:  1/15       EV:  2    Int: 26    God:    Elyvilon [**....]
Gold:   208        SH:  0    Dex: 13    Spells: 6/16 levels left

rFire   . . .      SeeInvis .   a - staff of conjuration
rCold   . . .      Faith    .   (no shield)
rNeg    + + +      Spirit   .   (armour currently unavailable)
rPois   +          Reflect  .   (helmet currently unavailable)
rElec   .          Harm     .   (cloak currently unavailable)
rCorr   .          Rampage  .   (gloves currently unavailable)
Will    +....      NoTele   +   (boots currently unavailable)
Stlth   ++........              (no amulet)
HPRegen 0.00/turn               r - +6 ring of intelligence
MPRegen 0.14/turn               G - +4 ring of evasion

@: tree-form, marked
A: stationary, stasis, torment immunity, boosted hp, damage resistance, heal
wounds, sense surroundings 2, no regeneration
a: Heal Wounds, Renounce Religion, Lesser Healing, Heal Other, Divine Protection


You were on level 9 of the Dungeon.
You worshipped Elyvilon.
Elyvilon was pleased with you.
You were a tree.
You visited 2 branches of the dungeon, and saw 10 of its levels.
You also visited: Bailey.

You collected 507 gold pieces.
You spent 299 gold pieces at shops.

Inventory:

Hand Weapons
 g - a +0 hand axe
 k - a +1 falchion of freezing
 n - a +0 quarterstaff
 q - a +0 longbow
 y - a +1 battleaxe
 z - a +3 flail
 A - a +2 vampiric dagger
 J - a +1 dagger of holy wrath
Missiles
 c - 62 stones
 d - 17 boomerangs
 m - 132 bolts
 p - 84 arrows
 s - 72 poisoned darts
 E - 76 sling bullets
Armour
 l - a +1 leather armour (melded)
 L - the +1 leather armour "Apnaba" {Rampage *Slow +Inv}
   (You bought it in a shop on level 7 of the Dungeon)

   +Inv:      It lets you turn invisible.
   *Slow:     It may slow you when you take damage.
   Rampage:   It bestows one free step when moving towards enemies.
 M - a +1 pair of boots (melded)
Magical Staves
 a - a staff of conjuration (weapon)
Jewellery
 f - a ring of see invisible
 r - a +6 ring of intelligence (left branch)
 t - an amulet of magic regeneration
 D - a ring of magical power
 G - a +4 ring of evasion (right branch)
 I - a ring of resist corrosion
Wands
 b - a wand of acid (9)
 C - a wand of digging (3)
Scrolls
 h - 3 scrolls of immolation
 w - 4 scrolls of teleportation
Potions
 e - 2 potions of heal wounds {unknown}
 i - 2 potions of attraction {unknown}
 j - a potion of flight {unknown}
 o - a potion of lignification
 u - a potion of mutation {unknown}
 v - a potion of ambrosia {unknown}
 x - 4 potions of curing
 B - a potion of berserk rage {unknown}
 F - a potion of cancellation {unknown}
 K - a potion of degeneration


   Skills:
 - Level 2.1 Dodging
 - Level 2.4 Stealth
 + Level 4.4 Spellcasting
 - Level 7.0 Conjurations
 + Level 5.8 Transmutations
 - Level 9.3 Earth Magic
 - Level 6.9 Invocations


You had 6 spell levels left.
You knew the following spells:

 Your Spells              Type           Power      Damage    Failure   Level
a - Sandblast             Erth           100%       2d20      1%          1
b - Stone Arrow           Conj/Erth      100%       3d13      1%          3
d - Petrify               Tmut/Erth      45%        N/A       3%          4
z - Blink                 Tloc           N/A        N/A       12%         2

Your spell library contained the following spells:

 Spells                   Type           Power      Damage    Failure   Level
 Passwall                 Tmut/Erth      37%        N/A       1%          2
 Static Discharge         Conj/Air       36%        N/A       3%          2
 Spider Form              Tmut/Pois      10%        N/A       8%          3
 Ensorcelled Hibernation  Hex/Ice        10%        N/A       12%         2
 Sticky Flame             Conj/Fire      36%        2d6       19%         4
 Lesser Beckoning         Tloc           5%         N/A       24%         3
 Dispel Undead            Necr           5%         3d7       63%         4
 Manifold Assault         Tloc           5%         N/A       92%         5


Dungeon Overview and Level Annotations

Branches:
Dungeon (9/15)             Temple (1/1) D:4            Lair (0/6) D:8
 Bailey (visited)
    Orc: D:9-12

Altars:
Ashenzari
Cheibriados
Dithmenos
Elyvilon
Fedhas
Gozag
Hepliaklqana
Kikubaaqudgha
Makhleb
Nemelex Xobeh
Okawaru
Qazlal
Ru
Sif Muna
Trog
Uskayaw
Vehumet
Wu Jian
Xom
Yredelemnul
Zin
The Shining One

Shops:
D:7 [   D:8 (


Innate Abilities, Weirdness & Mutations

You are a tree.
Your roots penetrate the ground, keeping you stationary.
You cannot be teleported.
You are immune to unholy pain and torment.
Your maximum health is greatly increased.
Your equipment is partially melded.
You are resistant to damage.
You can heal yourself by infusing magical energy.
You passively map the area around you.
You do not regenerate.


Message History

Confirm with . or Enter, or press ? or * to list all spells.
Aiming: Stone Arrow (safe; 1% risk of failure)
Press: ? - help, Shift-Dir - straight line, f/p - orc knight
Aim: an orc knight, wielding a +0 war axe and wearing a +0 ring mail (moderately wounded, strong, 72% to hit)
You feel a surge of power!
The stone arrow hits the orc knight!!
The orc knight is heavily wounded.
The orc knight hits you with a +0 war axe.
The orc knight hits you with a +0 war axe!
The goblin barely misses you.
Really quaff the potion of lignification?
You turn into a tree.
Your +1 pair of boots melds into your body.
Your +1 leather armour melds into your body.
Your roots penetrate the ground.
The orc knight hits you with a +0 war axe. x2
The goblin hits you but does no damage.
Okay, then.
Okay, then.
Okay, then.
Okay, then.
Okay, then.
You completely miss the orc knight.
The orc knight is heavily wounded.
The orc knight hits you with a +0 war axe.
The orc knight hits you with a +0 war axe!!
The goblin hits you but does no damage.
You closely miss the orc knight.
The orc knight is heavily wounded.
The orc knight hits you with a +0 war axe.
The orc knight hits you with a +0 war axe!
* * * LOW HITPOINT WARNING * * *
The goblin hits you but does no damage.
The orc knight hits you but does no damage.
The orc knight hits you with a +0 war axe!!
* * * LOW HITPOINT WARNING * * *
You hit the orc knight but do no damage.
The orc knight is heavily wounded.
The goblin hits you but does no damage.
The orc knight hits you with a +0 war axe!!
You die...

,, ,* , * ** , ,
* ≈ , , * ** * ≈
* * * ≈ >** ≈ . *
### * * ,..+≈*
####♣#### * *
...≈###..ogo..##*
#≈≈≈≈≈≈≈≈≈≈≈≈≈≈≈
###..).#.#####.#
, , ####))......
* * #.#######**
#.# ######.#
#<..##.#


You could see 2 orc knights and a goblin.

Vanquished Creatures
  A centaur zombie (D:8)
  A wyvern (D:8)
  3 yaks (D:8)
  A water moccasin (D:8)
  2 orc warriors (D:7)
  3 black bears
  3 ogres
  2 necrophages
  A phantom (D:4)
  A kobold brigand (D:6)
  A wyvern zombie (D:8)
  3 bullfrogs
  2 scorpions
  A water moccasin zombie (D:6)
  2 wyvern skeletons (D:6)
  4 wights (D:8)
  A bullfrog zombie (D:6)
  A jelly (D:5)
  2 orc priests
  A gnoll shaman (D:5)
  A hound (D:6)
  2 bullfrog skeletons
  4 iguanas
  4 orc wizards
  2 hound skeletons (D:4)
  A howler monkey skeleton (D:5)
  6 gnolls
  4 adders
  2 white imps (D:6)
  7 worms
  2 dart slugs (D:3)
  20 orcs
  8 ball pythons
  6 endoplasms
  7 giant cockroaches
  11 goblins
  7 hobgoblins
  2 jackals (D:1)
  2 quokkas
  8 bats
  4 frilled lizards
  5 kobolds
  4 rats
155 creatures vanquished.

Vanquished Creatures (others)
  5 fungi (D:8)
  4 plants (D:8)
9 creatures vanquished.

Grand Total: 164 creatures vanquished

Notes
Turn   | Place    | Note
-------+----------+-------------------------------------------
     0 | D:1      | dolemite99 the Deep Dwarf Earth Elementalist began the
                  | quest for the Orb.
     0 | D:1      | Reached XP level 1. HP: 15/15 MP: 3/3
   445 | D:1      | Reached XP level 2. HP: 20/22 MP: 0/5
  1536 | D:2      | Found a radiant altar of Vehumet.
  1589 | D:2      | Reached XP level 3. HP: 22/28 MP: 2/6
  1968 | D:2      | Reached skill level 5 in Earth Magic
  2767 | D:2      | Reached XP level 4. HP: 22/36 MP: 6/8
  3419 | D:3      | Learned a level 2 spell: Blink
  3423 | D:3      | Learned a level 3 spell: Stone Arrow
  3440 | D:3      | Found a faded altar of an unknown god.
  3531 | D:3      | Reached skill level 1 in Conjurations
  3531 | D:3      | Reached skill level 6 in Earth Magic
  3532 | D:3      | Reached XP level 5. HP: 18/42 MP: 1/9
  4596 | D:4      | Noticed a necrophage
  4600 | D:4      | Killed a necrophage
  4685 | D:4      | Noticed a phantom
  4692 | D:4      | Killed a phantom
  4693 | D:4      | Reached XP level 6. HP: 39/49 MP: 4/10
  4849 | D:4      | Found a hazy altar of Hepliaklqana.
  4862 | D:4      | Reached skill level 7 in Earth Magic
  5431 | D:4      | Found a staircase to the Ecumenical Temple.
  5507 | Temple   | Entered the Ecumenical Temple
  5627 | Temple   | Became a worshipper of Elyvilon the Healer
  5688 | D:5      | Entered Level 5 of the Dungeon
  5722 | D:5      | Reached XP level 7. HP: 44/55 MP: 8/11
  5974 | D:5      | Reached skill level 5 in Conjurations
  6013 | D:5      | Reached skill level 8 in Earth Magic
  6227 | D:5      | Reached XP level 8. HP: 35/62 MP: 9/12
  6647 | D:6      | Reached skill level 9 in Earth Magic
  6689 | D:6      | Reached * piety under Elyvilon
  6885 | D:6      | Reached skill level 1 in Invocations
  7531 | D:7      | Reached skill level 5 in Invocations
  7863 | D:7      | Gained mutation: You passively map the area around you.
                  | [Deep Dwarf growth]
  7863 | D:7      | Reached XP level 9. HP: 22/68 MP: 10/13
  8111 | D:7      | Learned a level 4 spell: Petrify
  8158 | D:7      | Found Adabruxt's Antique Armour Boutique.
  8169 | D:7      | Bought a dazzling leather armour for 182 gold pieces
  8169 | D:7      | Identified the +1 leather armour "Apnaba" {Rampage *Slow
                  | +Inv} (You bought it in a shop on level 7 of the Dungeon)
  8169 | D:7      | Bought a pair of boots for 117 gold pieces
  8508 | D:7      | Reached skill level 1 in Transmutations
  8533 | D:7      | Learned a level 1 spell: Sandblast
  8619 | D:7      | Reached ** piety under Elyvilon
  9033 | D:8      | Found Pief Zes's Antique Weapon Boutique.
  9136 | D:8      | Found a staircase to the Lair.
  9750 | D:8      | Reached skill level 5 in Transmutations
  9935 | D:9      | Found a flagged portal.
  9976 | Bailey   | Entered a bailey
  9998 | Bailey   | Noticed an orc knight
  9999 | Bailey   | Noticed an orc knight
 10011 | D:9      | HP: 1/102 [orc knight (26)]
 10012 | D:9      | Demolished by an orc knight

Illustrated notes

Levels and vault maps discovered:
D:1:      mrwooster_arrival_statue_2, layout_loops_corners
D:2:      layout_loops_corners, basic_altar, guppyfry_early_orc_mine
D:3:      layout_rooms, basic_ecumenical_altar, minmay_pentomino_pile
D:4:      layout_loops_ring, mainiacjoe_overflow_small_starburst, temple_hall
D:5:      layout_rooms
D:6:      layout_loops_ring, cheibrodos_sewer_entry_drain, minmay_crossroads
D:7:      layout_cave_pools, serial_shops, nicolae_diamond_shop,
          kennysheep_generic_room_13
D:8:      layout_rooms, dpeg_oklobed_lair, serial_shops, nicolae_square_shop,
          chequers_serial_rivers_marsh
D:9:      layout_basic, lightli_bailey_entry_fortress
Temple:   dpeg_three_leaves_temple

Skill      XL: |  1  2  3  4  5  6  7  8  9 |
---------------+----------------------------+-----
Spellcasting   | 2 3 4 |  4.4
Earth Magic    | 5 6 7 8 9 |  9.3
Conjurations   | 1 3 4 6 7 |  7.0
Invocations    | 6 |  6.9
Transmutations | 5 |  5.8
Dodging        | |  2.1
Stealth        | |  2.4

Action                   |  1- 3 |  4- 6 |  7- 9 || total
-------------------------+-------+-------+-------++-------
Melee: Hand axe          |     6 |     1 |     6 ||    13
       Staff             |       |       |     3 ||     3
 Fire: Longbow           |       |    11 |       ||    11
 Cast: Sandblast         |    59 |    65 |   127 ||   251
       Stone Arrow       |       |     1 |    14 ||    15
       Petrify           |       |       |     1 ||     1
Invok: Lesser Healing    |       |       |     8 ||     8
 Abil: Heal Wounds       |       |     1 |     1 ||     2
  Use: Scroll            |     1 |       |    11 ||    12
       Potion            |       |       |     1 ||     1
Armor: Robe              |     1 |       |       ||     1
       Leather armour    |       |     1 |    11 ||    12
       Skin              |       |       |     5 ||     5
Dodge: Dodged            |    17 |    16 |    43 ||    76

Table legend: (Time is in decaauts)
 A = Elapsed time spent in this place.
 B = Non-inter-level travel time spent in this place.
 C = Inter-level travel time spent in this place.
 D = Time resting spent in this place.
 E = Time spent auto-exploring this place.
 F = Levels seen in this place.
 G = Mean time per level.
                   A        B        C        D        E       F      G
               +--------+--------+--------+--------+--------+-----+--------+
         Total |  10030 |   9753 |    277 |   3174 |   5065 |  11 |  911.8 |
       Dungeon |   9874 |   9598 |    276 |   3153 |   5008 |   9 | 1097.1 |
        Temple |    125 |    125 |      0 |      0 |     57 |   1 |  125.0 |
        Bailey |     29 |     29 |      0 |     21 |      0 |   1 |   29.0 |
               +--------+--------+--------+--------+--------+-----+--------+

Top non-repeatable levels by time:
     D:2: 1803 daAuts
     D:1: 1536 daAuts
     D:6: 1322 daAuts
     D:3: 1193 daAuts
     D:8: 1113 daAuts
     D:4: 1035 daAuts
     D:7: 1020 daAuts
     D:5: 789 daAuts
  Temple: 125 daAuts
     D:9: 60 daAuts
  Bailey: 29 daAuts
